 Dungeon Crawl Stone Soup version 0.25-a0-426-g7d9e569eea (webtiles) character file.

Game seed: 13804068910819606545, levelgen mode: deterministic

338 MisterFreud the Cutter (level 6, -2/47 HPs)
             Began as a Gnoll Chaos Knight on Jan 24, 2020.
             Was a Plaything of Xom.
             Killed by divine providence
             ... invoked by an orc priest
              (12 damage)
             ... on level 4 of the Dungeon.
             The game lasted 00:05:36 (3650 turns).

MisterFreud the Cutter (Gnoll Chaos Knight)         Turns: 3650, Time: 00:05:37

Health: -2/47      AC: 12    Str: 12    XL:     6   Next: 55%
Magic:  8/9        EV:  7    Int: 16    God:    Xom [..*...]
Gold:   149        SH:  0    Dex: 19    Spells: 9/9 levels left

rFire    + . .     SeeInvis .   a - +0 short sword (chaos)
rCold    . . .     Gourm    +   (no shield)
rNeg     . . .     Faith    .   w - +1 chain mail {rF+}
rPois    .         Spirit   .   (no helmet)
rElec    .         Reflect  .   (no cloak)
rCorr    .         Harm     .   (no gloves)
MR       .....     Rnd*Tele +   (no boots)
Stlth    ..........             m - amulet of the gourmand
HPRegen  0.15/turn              g - +4 ring of dexterity
MPRegen  0.11/turn              A - ring of teleportation (curse)

@: lethally poisoned (-2 -> -5)
A: distributed training, fangs 1, iridescent scales 1, frail 1, mutation
resistance 1, screaming 1, weak 1, strong nose
a: Renounce Religion


You were on level 4 of the Dungeon.
You worshipped Xom.
You were a toy of Xom.
You were completely stuffed.

You visited 1 branch of the dungeon, and saw 4 of its levels.

You collected 149 gold pieces.

Inventory:

Hand Weapons
 a - a +0 short sword of chaos (weapon)
 b - a +3 hunting sling
Missiles
 d - 104 stones (quivered)
 i - 19 bolts
 k - 25 poisoned darts
 l - 8 javelins
 n - 22 sling bullets
 v - 42 arrows
Armour
 o - a +2 leather armour
 w - a +1 chain mail of fire resistance (worn)
Jewellery
 g - a +4 ring of dexterity (left hand)
 h - an uncursed amulet of regeneration {unknown}
 m - an amulet of the gourmand (around neck)
 A - a cursed ring of teleportation (right hand)
Scrolls
 s - a scroll of remove curse {unknown}
Potions
 f - a potion of mutation {unknown}
 j - a potion of haste {unknown}
 p - a potion of invisibility {unknown}
 q - a potion of agility {unknown}
 r - a potion of brilliance {unknown}
 t - a potion of might {unknown}
 u - a potion of magic {unknown}
 x - 2 potions of curing
Comestibles
 c - 7 rations


   Skills:
 + Level 6.8 Fighting
 + Level 6.8 Short Blades
 + Level 2.0 Long Blades
 + Level 2.0 Axes
 + Level 2.0 Maces & Flails
 + Level 2.0 Polearms
 + Level 2.0 Staves
 + Level 2.0 Slings
 + Level 2.0 Bows
 + Level 2.0 Crossbows
 + Level 2.0 Throwing
 + Level 5.0 Armour
 + Level 3.2 Dodging
 + Level 2.0 Stealth
 + Level 2.0 Shields
 + Level 2.0 Unarmed Combat
 + Level 2.0 Spellcasting
 + Level 1.5 Conjurations
 + Level 1.5 Hexes
 + Level 1.5 Charms
 + Level 1.5 Summonings
 + Level 1.5 Necromancy
 + Level 1.5 Translocations
 + Level 1.5 Transmutations
 + Level 1.5 Fire Magic
 + Level 1.5 Ice Magic
 + Level 1.5 Air Magic
 + Level 1.5 Earth Magic
 + Level 1.5 Poison Magic
 + Level 2.1 Invocations
 + Level 2.0 Evocations


You had 9 spell levels left.
You didn't know any spells.
Your spell library was empty.

Dungeon Overview and Level Annotations

Branches:
Dungeon (4/15)
 Temple: D:4-7

Altars:
Cheibriados
Sif Muna
Wu Jian
The Shining One

Annotations:
D:4 Robin


Innate Abilities, Weirdness & Mutations

Your experience applies equally to all skills.
You have very sharp teeth.
Your uncanny sense of smell can sniff out nearby items.
You are partially covered in iridescent scales. (AC +2)
You are frail. (-10% HP)
You are somewhat resistant to further mutation.
You occasionally shout uncontrollably at your foes.
You are weak. (Str -2)


Message History

The orc priest mumbles some strange prayers to Beogh against you.
Pain shoots through your body!
* * * LOW HITPOINT WARNING * * *
The orc moves out of view.
You see here a cursed -1 club.
You feel much better.
You feel sick. Something hits you but does no damage.
The orc priest looks satisfied for a moment.
The orc priest mumbles some strange prayers to Beogh against you.
Beogh smites you!
* * * LOW HITPOINT WARNING * * *
You hit the orc priest but do no damage.
You bite the orc priest, but do no damage.
The orc priest hits you.
* * * LOW HITPOINT WARNING * * *
Something hits you but does no damage.
You barely miss the orc priest.
The orc priest invokes the aid of Beogh against you.
Beogh smites you!
You die...
Xom giggles madly!

###.###.##...#
#####≈≈≈≈
#.###'##...# ###≈≈.
#.#....#...# ##...
#......#...# .##
###....#...# #
#........#
####.###.##########.
#.# #...){.......
#.# #####@#######
#.# #o# #.# #o# #<#


oo. ### .#### oo o. .o. Zo.∆ You could see 2 orc priests and 2 orcs.

Vanquished Creatures
  A scorpion (D:4)
  A hound (D:4)
  2 orc wizards
  Terence (D:3)
  3 gnolls (D:4)
  3 adders
  An ooze (D:1)
  An adder skeleton (D:4)
  3 worms
  3 dart slugs (D:1)
  4 leopard geckos
  16 orcs
  3 giant cockroaches (D:2)
  14 goblins
  8 hobgoblins
  4 jackals
  7 kobolds
  2 quokkas
  A ball python (D:4)
  4 bats
  3 frilled lizards (D:2)
  5 rats
90 creatures vanquished.

Vanquished Creatures (collateral kills)
  2 goblins (D:4)
2 creatures vanquished.

Grand Total: 92 creatures vanquished

Notes
Turn   | Place    | Note
-------+----------+-------------------------------------------
     0 | D:1      | MisterFreud the Gnoll Chaos Knight began the quest for the
                  | Orb.
     0 | D:1      | Reached XP level 1. HP: 23/23 MP: 1/1
   119 | D:1      | XOM: harmless Tmut miscast
   144 | D:1      | Reached XP level 2. HP: 29/29 MP: 2/2
   191 | D:1      | XOM: silly message
   374 | D:1      | XOM: cloud trail
   383 | D:1      | XOM: mild Conj miscast
   478 | D:1      | XOM: smoke on damage
   544 | D:1      | Reached XP level 3. HP: 33/35 MP: 3/3
   595 | D:1      | XOM: mild Conj miscast
   725 | D:1      | XOM: medium Ice miscast
   733 | D:1      | XOM: cloud trail
   873 | D:1      | XOM: medium Tmut miscast
  1052 | D:2      | XOM: divination: magic mapping
  1127 | D:2      | Found a glowing golden altar of the Shining One.
  1182 | D:2      | Found a shimmering blue altar of Sif Muna.
  1205 | D:2      | Reached skill level 1 in Invocations
  1225 | D:2      | Reached skill level 1 in Long Blades
  1225 | D:2      | Reached skill level 1 in Axes
  1225 | D:2      | Reached skill level 1 in Maces & Flails
  1225 | D:2      | Reached skill level 1 in Polearms
  1225 | D:2      | Reached skill level 1 in Staves
  1225 | D:2      | Reached skill level 1 in Slings
  1225 | D:2      | Reached skill level 1 in Bows
  1225 | D:2      | Reached skill level 1 in Crossbows
  1225 | D:2      | Reached skill level 1 in Throwing
  1225 | D:2      | Reached skill level 1 in Stealth
  1225 | D:2      | Reached skill level 1 in Shields
  1225 | D:2      | Reached skill level 1 in Unarmed Combat
  1225 | D:2      | Reached skill level 1 in Spellcasting
  1225 | D:2      | Reached skill level 1 in Evocations
  1225 | D:2      | Reached XP level 4. HP: 40/41 MP: 5/5
  1651 | D:2      | XOM is BORED!
  1651 | D:2      | XOM: enchant monster (bad)
  1967 | D:3      | XOM: polymorph goblin -> orc
  1971 | D:3      | Reached skill level 1 in Conjurations
  1971 | D:3      | Reached skill level 1 in Hexes
  1971 | D:3      | Reached skill level 1 in Charms
  1971 | D:3      | Reached skill level 1 in Summonings
  1971 | D:3      | Reached skill level 1 in Necromancy
  1971 | D:3      | Reached skill level 1 in Translocations
  1971 | D:3      | Reached skill level 1 in Transmutations
  1971 | D:3      | Reached skill level 1 in Fire Magic
  1971 | D:3      | Reached skill level 1 in Ice Magic
  1971 | D:3      | Reached skill level 1 in Air Magic
  1971 | D:3      | Reached skill level 1 in Earth Magic
  1971 | D:3      | Reached skill level 1 in Poison Magic
  1987 | D:3      | Reached XP level 5. HP: 23/47 MP: 6/6
  2099 | D:3      | XOM: noise
  2233 | D:3      | XOM: give mutations
  2233 | D:3      | Gained mutation: You are frail. (-10% HP) [Xom's mischief]
  2233 | D:3      | Gained mutation: You are partially covered in iridescent
                  | scales. (AC +2) [Xom's mischief]
  2312 | D:3      | Found an ornate altar of the Wu Jian Council.
  2382 | D:3      | Noticed Terence
  2390 | D:3      | Killed Terence
  2422 | D:3      | XOM: give mutations
  2422 | D:3      | Gained mutation: You are somewhat resistant to further
                  | mutation. [Xom's mischief]
  2422 | D:3      | Gained mutation: You occasionally shout uncontrollably at
                  | your foes. [Xom's mischief]
  2422 | D:3      | Gained mutation: You are weak. (Str -2) [Xom's mischief]
  2619 | D:3      | XOM is BORED!
  2619 | D:3      | XOM: medium Pois miscast
  2798 | D:3      | XOM: noise
  2918 | D:3      | Found a snail-covered altar of Cheibriados.
  3155 | D:4      | Reached XP level 6. HP: 47/47 MP: 8/8
  3332 | D:4      | XOM: noise
  3517 | D:4      | Noticed Robin
  3522 | D:4      | XOM: 1-stop teleportation journey
  3541 | D:4      | Reached skill level 5 in Armour
  3650 | D:4      | Killed from afar by an orc priest

Levels and vault maps discovered:
D:1:      doesnt_arrival_eight_statues, layout_basic, minivault_23
D:2:      layout_basic, nicolae_overflow_crystal_walls,
          nicolae_tso_carved_into_rock, first_ration, chequers_jeans
D:3:      layout_basic, marbit_many_paths, lemuel_round_altar, uniq_terence
D:4:      kennysheep_goblin_castle, layout_basic,
          gammafunk_temple_overflow_statue, temple_doors_cd, minmay_cut_off

Skill      XL: |  1  2  3  4  5  6 |
---------------+-------------------+-----
Invocations    | 1 2 |  2.1
Long Blades    | 1 2 |  2.0
Axes           | 1 2 |  2.0
Maces & Flails | 1 2 |  2.0
Polearms       | 1 2 |  2.0
Staves         | 1 2 |  2.0
Slings         | 1 2 |  2.0
Bows           | 1 2 |  2.0
Crossbows      | 1 2 |  2.0
Throwing       | 1 2 |  2.0
Stealth        | 1 2 |  2.0
Shields        | 1 2 |  2.0
Unarmed Combat | 1 2 |  2.0
Spellcasting   | 1 2 |  2.0
Evocations     | 1 2 |  2.0
Conjurations   | 1 |  1.5
Hexes          | 1 |  1.5
Charms         | 1 |  1.5
Summonings     | 1 |  1.5
Necromancy     | 1 |  1.5
Translocations | 1 |  1.5
Transmutations | 1 |  1.5
Fire Magic     | 1 |  1.5
Ice Magic      | 1 |  1.5
Air Magic      | 1 |  1.5
Earth Magic    | 1 |  1.5
Poison Magic   | 1 |  1.5
Dodging        | 3 |  3.2
Armour         | 5 |  5.0
Fighting       | |  6.8
Short Blades   | |  6.8

Action                   |  1- 3 |  4- 6 || total
-------------------------+-------+-------++-------
Melee: Short sword       |    73 |    90 ||   163
       Bite              |     8 |     9 ||    17
 Fire: Hunting sling     |     7 |   119 ||   126
  Use: Scroll            |       |     6 ||     6
       Potion            |       |     1 ||     1
 Stab: Paralysed         |     1 |       ||     1
       Confused          |     1 |       ||     1
       Sleeping          |     1 |       ||     1
       Petrifying        |       |     1 ||     1
  Eat: Chunk             |     5 |    17 ||    22
Armor: Leather armour    |    18 |     6 ||    24
       Chain mail        |       |    52 ||    52
Dodge: Dodged            |    36 |    41 ||    77

Table legend:
 A = Non-vault XP
 B = Vault XP
 C = Vault XP percentage of total XP
 D = Non-vault monster count
 E = Vault monster count
 F = Vault count percentage of total count
                 A         B        C        D         E       F
            +---------+---------+-------+---------+---------+-------
      Total |     315 |     168 |  34.8 |      73 |      19 |  20.7
            +---------+---------+-------+---------+---------+-------
        D:1 |      47 |       0 |   0.0 |      18 |       0 |   0.0
        D:2 |      54 |       0 |   0.0 |      17 |       0 |   0.0
        D:3 |     124 |      38 |  23.5 |      31 |       2 |   6.1
        D:4 |      90 |     130 |  59.1 |       7 |      17 |  70.8
            +---------+---------+-------+---------+---------+-------
